 Dungeon Crawl Stone Soup version 0.31-a0-221-gbddc013574 (webtiles) character file.

Game seed: 14974451076198233802

261 Anon1729 the Trooper (level 5, 0/42 HPs)
             Began as a Mummy Monk on July 4, 2023.
             Slain by a bullfrog (2 damage)
             ... in a sewer.
             The game lasted 00:03:03 (3921 turns).

Anon1729 the Trooper (Mummy Monk)                   Turns: 3921, Time: 00:03:04

Health: 0/42       AC:  6    Str: 14    XL:     5   Next: 96%
Magic:  5/5        EV: 12    Int:  9    God:
Gold:   244        SH:  0    Dex: 17    Spells: 4/4 levels left

rFire   . . .        a - +0 falchion
rCold   + . .        c - orb {light}
rNeg    + + +        l - +1 ring mail {rF+}
rPois   ∞            (no helmet)
rElec   .            (no cloak)
rCorr   .            (no gloves)
SInv    .            (no boots)
Will    .....        (no amulet) Stlth
                     k - ring of flight
HPRegen 0.27/turn    (no ring)
MPRegen 0.09/turn

%: faith
@: about to teleport, silenced, flying, glowing
A: cold resistance 1, negative energy resistance 3, torment resistance 2, heat
vulnerability 1, in touch with death 1, no potions, faith
a: no special abilities


You were in a sewer.
You visited 1 branch of the dungeon, and saw 4 of its levels.
You also visited: Sewer.

You collected 244 gold pieces.

Inventory:

Hand Weapons
 a - a +0 falchion (weapon)
 m - a +1 vampiric dagger
Missiles
 n - 4 boomerangs
Armour
 b - a +0 robe
 c - an orb of light (worn)
 h - a +0 chain mail
 l - a +1 ring mail of fire resistance (worn)
Jewellery
 k - a ring of flight (left hand)
Wands
 g - a wand of polymorph (8)
Scrolls
 d - 2 scrolls of enchant weapon
 e - a scroll of teleportation
 i - a scroll of identify
 j - a scroll of poison {unknown}
 o - a scroll of fog


   Skills:
 + Level 4.2 Fighting
 * Level 3.8 Long Blades
 + Level 1.5 Armour
 + Level 3.4 Dodging


You had 4 spell levels left.
You didn't know any spells.
Your spell library contained the following spells:

 Spells                   Type           Power      Damage    Failure   Level
 Necrotise                Necr           0%         1d4       63%         1
 Vampiric Draining        Necr           0%         2d6       94%         3
 Agony                    Necr           0%         N/A       100%        5


Dungeon Overview and Level Annotations

Branches:
Dungeon (4/15)              Sewer (1/1)
 Temple: D:4-7

Altars:
Ashenzari
Hepliaklqana
Makhleb
Nemelex Xobeh
Vehumet
Wu Jian


Innate Abilities, Weirdness & Mutations

You are immune to poison.
Your flesh is cold resistant. (rC+)
You are immune to negative energy. (rN+++)
You are immune to unholy pain and torment.
You are vulnerable to heat. (rF-)
You are in touch with the powers of death.
You do not drink.
You have a special connection with the divine. (Faith)


Message History

The ball python grabs you. The ball python constricts you.
You slash the ball python!
You kill the ball python!
The bullfrog completely misses you.
The bullfrog hits you but does no damage.
The adder bites you but does no damage. The adder barely misses you.
The bullfrog hits you.
You are too injured to fight recklessly!
You are too injured to fight recklessly!
The ball python hisses angrily.
You hit the bullfrog.
The bullfrog is severely wounded.
You hear an angry hiss.
The bullfrog hits you! The adder bites you but does no damage.
The bullfrog barely misses you. The adder barely misses you.
The frilled lizard hisses.
The bullfrog closely misses you. The adder barely misses you.
You hit the bullfrog.
The bullfrog is almost dead.
The bullfrog hits you but does no damage.
The adder bites you but does no damage. The bullfrog barely misses you.
The frilled lizard closely misses you. The bullfrog hits you!
* * * LOW HITPOINT WARNING * * *
The adder closely misses you. The adder bites you but does no damage.
The bullfrog hits you but does no damage.
As you read the scroll labelled SEUS QIUFEU, it crumbles to dust.
You feel strangely unstable.
It was a scroll of teleportation.
The adder hisses angrily.
The bullfrog misses you. The adder misses you.
The frilled lizard barely misses you. The adder bites you.
* * * LOW HITPOINT WARNING * * *
The bullfrog hits you.
* * * LOW HITPOINT WARNING * * *
The bullfrog hits you but does no damage.
You can't drink.
Unknown command.
As you read the scroll labelled PAYTTIB BUANOOW, it crumbles to dust.
A profound silence engulfs you.
It was a scroll of silence.
The adder misses you. The bullfrog hits you.
You die...

#.....#≈≈≈~~≈≈≈≈≈≈~≈≈≈..###
#....####################
##...## #...##### #.†..'..#
#....#!.# ##...####
#....##################
#.....#≈≈≈≈≈≈S@FS≈≈≈~≈#
##....~~~~≈≈≈lSF≈S~≈≈~..S
#.....~~~~≈~≈S≈~≈~~~#~l.
#....~~≈~~~~#~≈#~~≈~~S..
##...~~≈~~≈≈~..~≈~≈≈~...
###.#≈≈≈≈≈≈≈≈~~~≈≈~≈#..
################### #


You could see 2 bullfrogs, 4 adders, a ball python and a frilled lizard.

Vanquished Creatures
  An orc priest (D:3)
  7 adders
  5 river rats (Sewer)
  An ufetubus (D:4)
  A worm (D:3)
  3 dart slugs
  7 orcs
  4 endoplasms
  3 giant cockroaches (D:4)
  7 goblins
  6 hobgoblins
  5 kobolds
  5 quokkas
  15 ball pythons
  12 bats
  A frilled lizard (D:1)
  36 rats
119 creatures vanquished.

Notes
Turn   | Place    | Note
-------+----------+-------------------------------------------
     0 | D:1      | Anon1729 the Mummy Monk began the quest for the Orb.
     0 | D:1      | Reached XP level 1. HP: 18/18 MP: 1/1
   257 | D:1      | Reached XP level 2. HP: 21/24 MP: 2/2
  1157 | D:2      | Gained mutation: You are in touch with the powers of death.
                  | [Mummy growth]
  1157 | D:2      | Reached XP level 3. HP: 29/29 MP: 3/3
  2089 | D:2      | Reached XP level 4. HP: 29/37 MP: 4/4
  2536 | D:3      | Reached XP level 5. HP: 39/42 MP: 5/5
  2560 | D:3      | Reached skill level 1 in Armour
  2772 | D:3      | Found a burning altar of Makhleb.
  2772 | D:3      | Found a broken altar of Ashenzari.
  2777 | D:3      | Found a radiant altar of Vehumet.
  2780 | D:3      | Found a hazy altar of Hepliaklqana.
  2782 | D:3      | Found an ornate altar of the Wu Jian Council.
  2787 | D:3      | Found a sparkling altar of Nemelex Xobeh.
  3220 | D:4      | Reached skill level 4 in Fighting
  3228 | D:4      | Found a glowing drain.
  3348 | Sewer    | Entered a sewer
  3920 | Sewer    | HP: 2/42 [bullfrog (5)]
  3921 | Sewer    | Slain by a bullfrog

Illustrated notes

Levels and vault maps discovered:
D:1:      lightli_arrival_chessboard, layout_basic
D:2:      minmay_skewed_foursquare, layout_basic
D:3:      layout_basic, nicolae_overflow_hallway_of_the_gods,
          dreamdust_wishing_well, grunt_ministairs_12
D:4:      minmay_thinvault, layout_basic, zin_academy, portal_sewer_entry_f,
          kennysheep_another_room
Sewer:    sewer_minmay_w

Skill      XL: |  1  2  3  4  5 |
---------------+----------------+-----
Dodging        | 3 |  3.4
Long Blades    | 3 |  3.8
Armour         | 1 |  1.5
Fighting       | 4 |  4.2

Action                     |  1- 3 |  4- 6 || total
---------------------------+-------+-------++-------
  Melee: Falchion          |   145 |   183 ||   328
         Dagger            |       |    22 ||    22
    Use: Scroll            |       |     5 ||     5
 Armour: Robe              |     6 |       ||     6
         Chain mail        |    89 |       ||    89
         Ring mail         |     3 |   131 ||   134
  Dodge: Dodged            |    82 |   244 ||   326

Table legend: (Time is in decaauts)
 A = Elapsed time spent in this place.
 B = Non-inter-level travel time spent in this place.
 C = Inter-level travel time spent in this place.
 D = Time resting spent in this place.
 E = Time spent auto-exploring this place.
 F = Levels seen in this place.
 G = Mean time per level.
                   A        B        C        D        E       F      G
               +--------+--------+--------+--------+--------+-----+--------+
         Total |   3964 |   3739 |    225 |    396 |   2598 |   5 |  792.8 |
       Dungeon |   3378 |   3153 |    225 |    221 |   2392 |   4 |  844.5 |
         Sewer |    586 |    586 |      0 |    175 |    206 |   1 |  586.0 |
               +--------+--------+--------+--------+--------+-----+--------+

Top non-repeatable levels by time:
     D:1: 1140 daAuts
     D:2: 1035 daAuts
     D:3: 818 daAuts
   Sewer: 586 daAuts
     D:4: 383 daAuts
